TOP OF THE 1ST |
Connetquot Chiefs batting - Pitching for Put-In-Bay BC : RHP Manny Amici
|
Pitching: RHP Manny Amici
|
|
Batting: RHB Emanuel Bree
|
0-0: Called Strike 0-1: Ball 1-1: Foul Ball, location: 2F 1-2: Ball 2-2: Ball 3-2: Strikes out swinging
|
Batting: RHB Menno van de Vlugt
|
0-0: Foul Ball, location: 2F 0-1: Called Strike 0-2: Foul Ball, location: 2F 0-2: Strikes out swinging
|
Batting: RHB Arturo Morales
|
0-0: Ball 1-0: Ball 2-0: Swinging Strike 2-1: Called Strike 2-2: Strikes out looking
|
Top of the 1st over - 0 run(s), 0 hit(s), 0 error(s), 0 left on base; Connetquot 0 - Put-In-Bay 0 |
BOTTOM OF THE 1ST |
Put-In-Bay BC batting - Pitching for Connetquot Chiefs : LHP Song-saeng Kim
|
Pitching: LHP Song-saeng Kim
|
|
Batting: RHB Barton Nagel
|
0-0: Ground out 5-3 (Groundball, 56)
|
Batting: RHB Carlos Trujillo
|
0-0: Ball 1-0: Swinging Strike 1-1: Ball 2-1: Foul Ball, location: 2F 2-2: Ball 3-2: Foul Ball, location: 2F 3-2: Strikes out looking
|
Batting: RHB Ed Adams
|
0-0: Foul Ball, location: 2F 0-1: Ball 1-1: Swinging Strike 1-2: Strikes out swinging
|
Bottom of the 1st over - 0 run(s), 0 hit(s), 0 error(s), 0 left on base; Connetquot 0 - Put-In-Bay 0 |
TOP OF THE 2ND |
Connetquot Chiefs batting - Pitching for Put-In-Bay BC : RHP Manny Amici
|
Batting: RHB Miguel Rodríguez
|
0-0: Ball 1-0: Foul Ball, location: 2F 1-1: Foul Ball, location: 2F 1-2: Strikes out swinging
|
Batting: RHB José Magana
|
0-0: Ball 1-0: Ball 2-0: Foul Ball, location: 2F 2-1: Foul Ball, location: 2F 2-2: Ball 3-2: Foul Ball, location: 2F 3-2: Foul Ball, location: 2F 3-2: Ground out 5-3 (Groundball, 5S)
|
Batting: RHB Mario Rivera
|
0-0: Ground out 4-3 (Groundball, 4M)
|
Top of the 2nd over - 0 run(s), 0 hit(s), 0 error(s), 0 left on base; Connetquot 0 - Put-In-Bay 0 |
BOTTOM OF THE 2ND |
Put-In-Bay BC batting - Pitching for Connetquot Chiefs : LHP Song-saeng Kim
|
Batting: RHB Preston Hernández
|
0-0: Ball 1-0: SINGLE (Line Drive, 56)
|
Batting: RHB Eddie Davis
|
0-0: Fly out, F9 (Flyball, 89M)
|
Batting: RHB Manuel Sánchez
|
0-0: Called Strike 0-1: Foul Ball, location: 2F 0-2: Strikes out swinging
|
Batting: RHB Rocky Cantrell
|
0-0: Called Strike 0-1: Swinging Strike 0-2: Ball 1-2: Foul Ball, location: 2F 1-2: Ball 2-2: Strikes out swinging
|
Bottom of the 2nd over - 0 run(s), 1 hit(s), 0 error(s), 1 left on base; Connetquot 0 - Put-In-Bay 0 |
TOP OF THE 3RD |
Connetquot Chiefs batting - Pitching for Put-In-Bay BC : RHP Manny Amici
|
Batting: SHB Britt Ducker
|
0-0: Ball 1-0: SINGLE (Line Drive, 56)
|
Batting: RHB John Burton
|
0-0: SINGLE (Flyball, 9LS) Britt Ducker to second Runner from 2nd tries for 3rd, SAFE, throw made to third
|
Batting: RHB Enrique Morales
|
0-0: Ball 1-0: Ball 2-0: Called Strike 2-1: Foul Ball, location: 2F 2-2: Ball 3-2: SINGLE (Line Drive, 78S) Britt Ducker scores John Burton to second John Burton to third
|
Batting: RHB Emanuel Bree
|
0-0: Called Strike 0-1: Swinging Strike 0-2: Strikes out looking
|
Batting: RHB Menno van de Vlugt
|
0-0: Fly out, F8 (Flyball, 8LM) Runner from 3rd tags up, SCORES, no throw
|
Batting: RHB Arturo Morales
|
0-0: Ball 1-0: Foul Ball, location: 2F 1-1: Foul Ball, location: 2F 1-2: Ball 2-2: Strikes out swinging
|
Top of the 3rd over - 2 run(s), 3 hit(s), 0 error(s), 1 left on base; Connetquot 2 - Put-In-Bay 0 |
BOTTOM OF THE 3RD |
Put-In-Bay BC batting - Pitching for Connetquot Chiefs : LHP Song-saeng Kim
|
Batting: SHB Dylan Carson
|
0-0: Ground out 4-3 (Groundball, 13)
|
Batting: RHB Ron Johnston
|
0-0: SINGLE (Line Drive, 89S)
|
Batting: RHB Barton Nagel
|
0-0: Ball 1-0: Called Strike 1-1: Ball 2-1: Ball 3-1: Foul Ball, location: 2F 3-2: Fly out, F8 (Flyball, 8RM) 3-2: Fly out, F8 (Flyball, 8RM)
|
Batting: RHB Carlos Trujillo
|
0-0: Called Strike 0-1: Ball 1-1: Called Strike 1-2: Ball 2-2: Ball 3-2: Ground out 5-3 (Groundball, 5S)
|
Bottom of the 3rd over - 0 run(s), 1 hit(s), 0 error(s), 1 left on base; Connetquot 2 - Put-In-Bay 0 |
TOP OF THE 4TH |
Connetquot Chiefs batting - Pitching for Put-In-Bay BC : RHP Manny Amici
|
Batting: RHB Miguel Rodríguez
|
0-0: SINGLE (Groundball, 34)
|
Batting: RHB José Magana
|
0-0: SINGLE (Groundball, 56D) Miguel Rodríguez to second
|
Batting: RHB Mario Rivera
|
0-0: Called Strike 0-1: Ball 1-1: Ball 2-1: Swinging Strike 2-2: Reached on error, E5 (Groundball, 5) Miguel Rodríguez to third José Magana to second
|
Batting: SHB Britt Ducker
|
0-0: Ball 1-0: Foul Ball, location: 2F 1-1: SINGLE (Line Drive, 4MD) Miguel Rodríguez scores José Magana to third Mario Rivera to second
|
Batting: RHB John Burton
|
0-0: Called Strike 0-1: Ball 1-1: SINGLE (Groundball, 4MD) José Magana scores Mario Rivera to third Britt Ducker to second Runner from 3rd tries for Home, SAFE, no throw or cutoff
|
Batting: RHB Enrique Morales
|
0-0: Ball 1-0: Ball 2-0: Called Strike 2-1: Called Strike 2-2: Strikes out looking
|
Batting: RHB Emanuel Bree
|
0-0: Ball 1-0: Fly out, F5 (Line Drive, 5)
|
Batting: RHB Menno van de Vlugt
|
0-0: Called Strike 0-1: SINGLE (Line Drive, 4D) Britt Ducker to third John Burton to second Runner from 3rd tries for Home, SAFE, no throw or cutoff
|
Batting: RHB Arturo Morales
|
0-0: Ground out 6-3 (Groundball, 6)
|
Top of the 4th over - 4 run(s), 5 hit(s), 1 error(s), 2 left on base; Connetquot 6 - Put-In-Bay 0 |
BOTTOM OF THE 4TH |
Put-In-Bay BC batting - Pitching for Connetquot Chiefs : LHP Song-saeng Kim
|
Batting: RHB Ed Adams
|
0-0: Swinging Strike 0-1: Fly out, F9 (Flyball, 9LM)
|
Batting: RHB Preston Hernández
|
0-0: Called Strike 0-1: Called Strike 0-2: Foul Ball, location: 2F 0-2: Ball 1-2: Ball 2-2: Strikes out swinging
|
Batting: RHB Eddie Davis
|
0-0: Ball 1-0: Foul Ball, location: 2F 1-1: Foul Ball, location: 2F 1-2: Fly out, F8 (Flyball, 89M)
|
Bottom of the 4th over - 0 run(s), 0 hit(s), 0 error(s), 0 left on base; Connetquot 6 - Put-In-Bay 0 |
TOP OF THE 5TH |
Connetquot Chiefs batting - Pitching for Put-In-Bay BC : RHP Manny Amici
|
Batting: RHB Miguel Rodríguez
|
0-0: Called Strike 0-1: Ground out 5-3 (Groundball, 5S)
|
Batting: RHB José Magana
|
0-0: Ball 1-0: Fly out, F3 (Popup, 3DF)
|
Batting: RHB Mario Rivera
|
0-0: Called Strike 0-1: Ground out 5-3 (Groundball, 56S)
|
Top of the 5th over - 0 run(s), 0 hit(s), 0 error(s), 0 left on base; Connetquot 6 - Put-In-Bay 0 |
BOTTOM OF THE 5TH |
Put-In-Bay BC batting - Pitching for Connetquot Chiefs : LHP Song-saeng Kim
|
Batting: RHB Manuel Sánchez
|
0-0: Ball 1-0: Ball 2-0: Fly out, F8 (Flyball, 8RM)
|
Batting: RHB Rocky Cantrell
|
0-0: Ball 1-0: Ball 2-0: SINGLE (Line Drive, 8LS)
|
Batting: SHB Dylan Carson
|
0-0: Foul Ball, location: 2F 0-1: Ball 1-1: Ball 2-1: Called Strike 2-2: Strikes out swinging Rocky Cantrell is caught stealing 2nd base Batter strikes out.
|
Bottom of the 5th over - 0 run(s), 1 hit(s), 0 error(s), 0 left on base; Connetquot 6 - Put-In-Bay 0 |
TOP OF THE 6TH |
Connetquot Chiefs batting - Pitching for Put-In-Bay BC : RHP Manny Amici
|
Pitching: RHP Tony Machado
|
|
Batting: SHB Britt Ducker
|
0-0: DOUBLE (Line Drive, 89M)
|
Batting: RHB John Burton
|
0-0: Called Strike 0-1: Ball 1-1: TRIPLE (Flyball, 78M) Britt Ducker scores
|
Batting: RHB Enrique Morales
|
0-0: SINGLE (Groundball, 6MD) John Burton scores
|
Batting: RHB Emanuel Bree
|
0-0: Ball 1-0: Bunted foul 1-1: Bunted foul 1-2: Ball 2-2: Strikes out swinging
|
Batting: RHB Menno van de Vlugt
|
0-0: Called Strike 0-1: Ball 1-1: Ball Single, Error in OF, E8, batter to second base Enrique Morales to third
|
Batting: RHB Arturo Morales
|
0-0: Ball 1-0: Fly out, F8 (Flyball, 8RD) Runner from 3rd tags up, SCORES, no throw Menno van de Vlugt to third
|
Batting: RHB Miguel Rodríguez
|
0-0: SINGLE (Line Drive, 56) Menno van de Vlugt scores
|
Pitching: RHP Cristián Martínez
|
|
Batting: RHB José Magana
|
0-0: Ball 1-0: Ball 2-0: SINGLE (Line Drive, 89S) Miguel Rodríguez to second
|
Batting: RHB Mario Rivera
|
0-0: Called Strike 0-1: Fly out, F5 (Line Drive, 56)
|
Top of the 6th over - 4 run(s), 6 hit(s), 1 error(s), 2 left on base; Connetquot 10 - Put-In-Bay 0 |
BOTTOM OF THE 6TH |
Put-In-Bay BC batting - Pitching for Connetquot Chiefs : LHP Song-saeng Kim
|
Batting: RHB Ron Johnston
|
0-0: Foul Ball, location: 2F 0-1: Called Strike 0-2: Ball 1-2: Strikes out swinging
|
Batting: RHB Barton Nagel
|
0-0: Called Strike 0-1: Foul Ball, location: 2F 0-2: SINGLE (Groundball, 56D)
|
Batting: RHB Carlos Trujillo
|
0-0: Called Strike 0-1: Ball 1-1: Called Strike 1-2: Ball 2-2: Ball 3-2: Fielders Choice at 2nd, 6-4 (Groundball, 6)
|
Batting: RHB Ed Adams
|
0-0: Ball Carlos Trujillo is caught stealing 2nd base
|
Bottom of the 6th over - 0 run(s), 1 hit(s), 0 error(s), 0 left on base; Connetquot 10 - Put-In-Bay 0 |
TOP OF THE 7TH |
Connetquot Chiefs batting - Pitching for Put-In-Bay BC : RHP Cristián Martínez
|
Batting: SHB Britt Ducker
|
0-0: Swinging Strike 0-1: SINGLE (Line Drive, 9LS)
|
Batting: RHB John Burton
|
0-0: Ball 1-0: Bunted foul 1-1: Sac Bunt - play at second, runner OUT! 1-6
|
Batting: RHB Enrique Morales
|
0-0: Fly out, F7 (Flyball, 7M)
|
Batting: RHB Emanuel Bree
|
0-0: Fly out, F7 (Flyball, 7LMF)
|
Top of the 7th over - 0 run(s), 1 hit(s), 0 error(s), 1 left on base; Connetquot 10 - Put-In-Bay 0 |
BOTTOM OF THE 7TH |
Put-In-Bay BC batting - Pitching for Connetquot Chiefs : LHP Song-saeng Kim
|
Batting: RHB Ed Adams
|
0-0: Fly out, F9 (Flyball, 9LMF)
|
Batting: RHB Preston Hernández
|
0-0: Fly out, F7 (Line Drive, 7M)
|
Batting: RHB Eddie Davis
|
0-0: Foul Ball, location: 2F 0-1: Ball 1-1: Ball 2-1: Foul Ball, location: 2F 2-2: Foul Ball, location: 2F 2-2: Foul Ball, location: 2F 2-2: Foul Ball, location: 2F 2-2: Ball 3-2: Foul Ball, location: 2F 3-2: Base on Balls
|
Batting: RHB Manuel Sánchez
|
0-0: Called Strike 0-1: Ball 1-1: Ball 2-1: Ball 3-1: Called Strike 3-2: Foul Ball, location: 2F 3-2: Strikes out swinging
|
Bottom of the 7th over - 0 run(s), 0 hit(s), 0 error(s), 1 left on base; Connetquot 10 - Put-In-Bay 0 |
TOP OF THE 8TH |
Connetquot Chiefs batting - Pitching for Put-In-Bay BC : RHP Cristián Martínez
|
Batting: RHB Menno van de Vlugt
|
0-0: Fly out, F2 (Popup, 5SF)
|
Batting: RHB Arturo Morales
|
0-0: Ball 1-0: Swinging Strike 1-1: SINGLE (Groundball, 56D)
|
Batting: RHB Miguel Rodríguez
|
0-0: 2-RUN HOME RUN (Flyball, 8RXD), Distance : 437 ft
|
Batting: RHB José Magana
|
0-0: Fly out, F9 (Flyball, 9LM)
|
Batting: RHB Mario Rivera
|
0-0: Ball 1-0: Foul Ball, location: 2F 1-1: Ball 2-1: Ball 3-1: Ground out 5-3 (Groundball, 56)
|
Top of the 8th over - 2 run(s), 2 hit(s), 0 error(s), 0 left on base; Connetquot 12 - Put-In-Bay 0 |
BOTTOM OF THE 8TH |
Put-In-Bay BC batting - Pitching for Connetquot Chiefs : LHP Song-saeng Kim
|
Now at C: Tim Taylor
|
|
Batting: RHB Rocky Cantrell
|
0-0: Foul Ball, location: 2F 0-1: Fly out, F8 (Flyball, 8RXD)
|
Batting: SHB Dylan Carson
|
0-0: Ball 1-0: Foul Ball, location: 2F 1-1: Ball 2-1: Foul Ball, location: 2F 2-2: Foul Ball, location: 2F 2-2: Ground out 1-3 (Groundball, 13S)
|
Batting: RHB Ron Johnston
|
0-0: Called Strike 0-1: Ball 1-1: Ball 2-1: SINGLE (Flyball, 34D)
|
Batting: RHB Barton Nagel
|
0-0: Called Strike 0-1: Swinging Strike 0-2: Strikes out swinging
|
Bottom of the 8th over - 0 run(s), 1 hit(s), 0 error(s), 1 left on base; Connetquot 12 - Put-In-Bay 0 |
TOP OF THE 9TH |
Connetquot Chiefs batting - Pitching for Put-In-Bay BC : RHP Cristián Martínez
|
Batting: SHB Britt Ducker
|
0-0: Called Strike 0-1: Ball 1-1: Reached on error, E1 (Groundball, 13S)
|
Batting: RHB John Burton
|
0-0: Ball 1-0: Ball 2-0: Called Strike 2-1: Bunted foul 2-2: SINGLE (Groundball, 56S) Britt Ducker to second
|
Batting: RHB Enrique Morales
|
0-0: Bunted foul 0-1: Sac Bunt - play at first, batter OUT! 1-4 Britt Ducker to third John Burton to second
|
Batting: RHB Emanuel Bree
|
0-0: SINGLE (Line Drive, 4M) Britt Ducker scores John Burton to third Runner from 3rd tries for Home, SAFE, no throw or cutoff
|
Batting: RHB Menno van de Vlugt
|
0-0: Ball Emanuel Bree is caught stealing 2nd base 1-0: Called Strike 1-1: Ball 2-1: Ground out 5-3 (Groundball, 5L)
|
Top of the 9th over - 2 run(s), 2 hit(s), 1 error(s), 0 left on base; Connetquot 14 - Put-In-Bay 0 |
BOTTOM OF THE 9TH |
Put-In-Bay BC batting - Pitching for Connetquot Chiefs : LHP Song-saeng Kim
|
Now at 3B: Fernando Mendoza
|
|
Now in LF: David Morales
|
|
Batting: RHB Carlos Trujillo
|
0-0: Ball 1-0: Ball 2-0: Ball 3-0: Called Strike 3-1: Swinging Strike 3-2: SINGLE (Groundball, 6MD)
|
Pitching: RHP Mark Bell
|
|
Batting: RHB Ed Adams
|
0-0: Called Strike 0-1: Called Strike 0-2: Strikes out swinging
|
Batting: RHB Preston Hernández
|
0-0: Fly out, F8 (Popup, 8LS)
|
Batting: RHB Eddie Davis
|
0-0: Foul Ball, location: 2F 0-1: Ball 1-1: Called Strike 1-2: Foul Ball, location: 2F 1-2: Foul Ball, location: 2F 1-2: Ball 2-2: Foul Ball, location: 2F 2-2: Ball 3-2: Foul Ball, location: 2F 3-2: Ground out 6-3 (Groundball, 6)
|
Bottom of the 9th over - 0 run(s), 1 hit(s), 0 error(s), 1 left on base; Connetquot 14 - Put-In-Bay 0 |
|